 Dungeon Crawl Stone Soup version 0.30.2 (webtiles) character file.

Game seed: 5548299801066294496

39 porpoise the Chopper (level 3, -2/28 HPs)
             Began as a Demonspawn Gladiator on Jan 29, 2024.
             Slain by an adder (4 damage)
             ... on level 2 of the Dungeon.
             The game lasted 00:02:58 (963 turns).

porpoise the Chopper (Demonspawn Gladiator)          Turns: 963, Time: 00:02:58

Health: -2/28      AC:  4    Str: 16    XL:     3   Next: 28%
Magic:  3/3        EV: 12    Int:  9    God:
Gold:   72         SH:  0    Dex: 14    Spells: 2/2 levels left

rFire   . . .        a - +0 war axe
rCold   . . .        (no shield)
rNeg    . . .        b - +0 leather armour
rPois   .            c - +0 helmet
rElec   .            (no cloak)
rCorr   +            (no gloves)
SInv    .            (no boots)
Will    .....        (no amulet)
Stlth   +            m - ring of resist corrosion
HPRegen 0.24/turn    (no ring)
MPRegen 0.08/turn

%: no passive effects
@: lethally poisoned (-2 -> -5)
A: ignite blood 1
a: no special abilities


You were on level 2 of the Dungeon.
You visited 1 branch of the dungeon, and saw 2 of its levels.

You collected 72 gold pieces.

Inventory:

Hand Weapons
 a - a +0 war axe (weapon)
Missiles
 d - 3 throwing nets (quivered)
 e - a javelin
Armour
 b - a +0 leather armour (worn)
 c - a +0 helmet (worn)
Jewellery
 g - a ring of fire
 k - an amulet of guardian spirit
 m - a ring of resist corrosion (left hand)
Scrolls
 f - a scroll of teleportation {unknown}
 i - 3 scrolls of identify {unknown}
 o - a scroll of enchant weapon {unknown}
Potions
 h - 2 potions of resistance {unknown}
 j - a potion of might {unknown}
 l - a potion of haste {unknown}
 n - 4 potions of curing {unknown}
 p - a potion of invisibility {unknown}


   Skills:
 + Level 2.6 Fighting
 * Level 3.6 Axes
 - Level 1.7 Throwing
 - Level 2.6 Dodging


You had 2 spell levels left.
You didn't know any spells.
Your spell library was empty.

Dungeon Overview and Level Annotations

Branches:
Dungeon (2/15)

Altars:


Innate Abilities, Weirdness & Mutations

Your demonic aura sometimes causes spilled blood to erupt in flames.


Message History

The adder completely misses you.
You hit the adder.
The adder is moderately wounded.
You feel sick. The adder misses you. The adder barely misses you.
You barely miss the adder.
The adder is moderately wounded.
You feel sick. The adder bites you but does no damage. The adder misses you.
You miss the adder.
The adder is moderately wounded.
You feel sick. The adder bites you but does no damage.
You completely miss the adder.
The adder is moderately wounded.
You feel sick.
You are no longer poisoned.
The adder barely misses you. The adder bites you but does no damage.
You barely miss the adder.
The adder is moderately wounded.
The adder bites you.
You are poisoned.
The adder poisons you! The adder bites you but does no damage.
You miss the adder.
The adder is lightly wounded.
* * * LOW HITPOINT WARNING * * *
You feel very sick. The adder closely misses you.
You hit the adder but do no damage.
The adder is lightly wounded.
You feel sick. The adder closely misses you. The adder bites you.
* * * LOW HITPOINT WARNING * * *
You are lethally poisoned!
The adder poisons you!
You closely miss the adder.
The adder is lightly wounded.
* * * LOW HITPOINT WARNING * * *
You feel sick.
The adder bites you but does no damage. x2
You miss the adder.
The adder is lightly wounded.
* * * LOW HITPOINT WARNING * * *
You feel sick. The adder closely misses you. The adder bites you.
You die...

#####..........###
#~.~...~..~†.....#
#........~≈~~~##.#
#~~~~~≈~~≈≈~..##..
#.~≈≈≈~~≈~≈≈≈.....
#~≈≈≈≈≈≈≈~~~≈~....
#.≈≈≈≈♣♣~~≈~~.....
#~~≈≈≈._♣~≈≈......
#@S≈≈~~♣~≈≈~.~#...
#..~≈≈≈≈≈≈~~......
#..~≈≈≈≈≈≈≈~...#..
#..≈~~≈~~~~~......
#.~≈...~.≈~.~.#.#.
#.~~..~~~.~..~#.#.
###.##.#####..#...
..... ...###. #.##
##.# #.


You could see an adder.

Vanquished Creatures
  A worm (D:2)
  A dart slug (D:1)
  4 endoplasms
  A giant cockroach (D:2)
  3 goblins (D:1)
  2 hobgoblins (D:2)
  A quokka (D:2)
  6 ball pythons
  4 bats
  2 frilled lizards
  3 kobolds (D:1)
  5 rats (D:1)
33 creatures vanquished.

Notes
Turn   | Place    | Note
-------+----------+-------------------------------------------
     0 | D:1      | porpoise the Demonspawn Gladiator began the quest for the
                  | Orb.
     0 | D:1      | Reached XP level 1. HP: 16/16 MP: 1/1
    63 | D:1      | Reached skill level 3 in Axes
    67 | D:1      | Gained mutation: Your demonic aura sometimes causes spilled
                  | blood to erupt in flames. [demonic ancestry]
    67 | D:1      | Reached XP level 2. HP: 19/22 MP: 2/2
   653 | D:2      | Reached XP level 3. HP: 19/28 MP: 3/3
   923 | D:2      | Found a faded altar of an unknown god.
   963 | D:2      | Slain by an adder

Illustrated notes

Levels and vault maps discovered:
D:1:      spicycebolla_green_bress_n_ham, layout_loops_ring
D:2:      layout_loops_ring, chequers_ecumenical_altar_island, roderic_lattice_a

Skill      XL: |  1 |
---------------+----+-----
Axes           | 3 |  3.6
Fighting       | |  2.6
Throwing       | |  1.7
Dodging        | |  2.6

Action                     || total
---------------------------++-------
  Melee: War axe           ||    94
 Armour: Leather armour    ||    31
  Dodge: Dodged            ||    54
